 Dungeon Crawl Stone Soup version 0.29.1-1-gd02db69 (webtiles) character file.

Game seed: 12765501323148044413

74 Timinator the Insei (level 3, -4/28 HPs)
             Began as a Demigod Transmuter on Jan 11, 2023.
             Slain by a gnoll
             ... wielding a +0 spear
              (8 damage)
             ... on level 2 of the Dungeon.
             The game lasted 00:07:00 (2575 turns).

Timinator the Insei (Demigod Transmuter)            Turns: 2575, Time: 00:07:00

Health: -4/28      AC:  3    Str: 11    XL:     3   Next: 86%
Magic:  6/8        EV: 12    Int: 15    God:
Gold:   54         SH:  0    Dex: 18    Spells: 3/6 levels left

rFire   . . .      SeeInvis .     - Unarmed
rCold   . . .      Faith    .   (no shield)
rNeg    . . .      Spirit   .   o - +0 leather armour
rPois   .          Reflect  .   (helmet currently unavailable)
rElec   .          Harm     .   (no cloak)
rCorr   .          Rampage  .   (no gloves)
Will    .....                   (boots currently unavailable)
Stlth   +.........              (no amulet)
HPRegen 0.09/turn               (no ring)
MPRegen 0.11/turn               (no ring)

@: appendages (expiring), wereblooded
A: horns 2, talons 2, high MP 1, forlorn, divine attributes
a: End Transformation


You were on level 2 of the Dungeon.
You had temporarily grown beastly horns and talons.
You visited 1 branch of the dungeon, and saw 2 of its levels.

You collected 54 gold pieces.

Inventory:

Missiles
 i - 5 poisoned darts (quivered)
Armour
 o - a +0 leather armour (worn)
Scrolls
 c - a scroll of amnesia {unknown}
 d - 2 scrolls of immolation {unknown}
 g - a scroll of butterflies {unknown}
 k - 2 scrolls of identify {unknown}
 n - a scroll of blinking {unknown}
Potions
 b - a potion of lignification
 e - a potion of curing {unknown}
 f - 3 potions of haste {unknown}
 h - 2 potions of magic {unknown}
 j - 3 potions of heal wounds {unknown}
 l - a potion of ambrosia {unknown}
 m - a potion of might {unknown}


   Skills:
 * Level 1.5 Fighting
 * Level 1.1 Armour
 * Level 2.3 Dodging
 + Level 3.2 Unarmed Combat
 - Level 2.0 Spellcasting
 + Level 2.3 Transmutations


You had 3 spell levels left.
You knew the following spells:

 Your Spells              Type           Power      Damage    Failure   Level
a - Beastly Appendage     Tmut           16%        N/A       11%         1
b - Wereblood             Tmut           8%         N/A       17%         2

Your spell library contained the following spells:

 Spells                   Type           Power      Damage    Failure   Level
 Spider Form              Tmut/Pois      4%         N/A       50%         3
 Ice Form                 Ice/Tmut       4%         N/A       88%         4


Dungeon Overview and Level Annotations

Branches:
Dungeon (2/15)

Shops:
D:1 !


Innate Abilities, Weirdness & Mutations

You have temporarily grown beastly horns and talons.
You have an increased reservoir of magic. (+10% MP)
You shall have no god before yourself.
Your divine heritage dramatically boosts your attributes as you level up.


Message History

The gnoll shouts!
A gnoll sergeant comes into view. It is wielding a +1 spear of venom.
The gnoll sergeant shouts!
The gnoll throws a throwing net.
The throwing net hits you.
You become entangled in the net!
Things that are here:
a throwing net; a +0 whip You struggle against the net.
You struggle against the net.
You struggle against the net.
You rip the net and break free!
The gnoll throws a throwing net.
The throwing net barely misses you.
Casting: Beastly Appendage (safe; 11% risk of failure)
Confirm with . or Enter, or press ? or * to list all spells.
You grow a pair of large bovine horns.
Your feet morph into talons.
Casting: Beastly Appendage (safe; 11% risk of failure)
Confirm with . or Enter, or press ? or * to list all spells.
Your blood is infused with primal strength.
The gnoll misses you. The gnoll hits you with a +0 spear!
The gnoll sergeant hits you from afar with a +1 spear of venom.
You hit the gnoll. You headbutt the gnoll.
The gnoll is heavily wounded.
The gnoll closely misses you.
The gnoll sergeant hits you from afar with a +1 spear of venom.
You are poisoned.
You feel sick.
The gnoll hits you from afar with a +0 spear.
Your transformation is almost over.
You feel sick.
You feel sick.
You feel sick.
You feel sick.
You feel sick.
You feel sick.
You are no longer poisoned.
There is a stone staircase leading up, spattered with blood here.
Okay, then.
The gnoll hits you from afar with a +0 spear!
You die...

..>....# #.....##..#########.#
.......## #.........# ###.##
........####.....##..#######...##
......#..............)..)..#.###.
......#####..........###.....###.
......# ###..#.###.###....###..
##..### ##...###..##....##..#
##.# #....###.##....##.## #.#
###.@...#.#.....##.## #.#
##.g.....#...>....#.##
##########.g#####...######.#.#. ♣
#..##...............###...... .♣♣
###.......####.............)†
.).♣♣♣##......# #..##....#....###
♣....♣♣#......# #.####.#...#..###
......)....(..###.# #.#....#..#
.♣..)♣♣#..........####...##....##


You could see a gnoll sergeant and a gnoll.

Vanquished Creatures
  2 gnolls (D:2)
  3 adders (D:2)
  A worm (D:2)
  3 bats (D:1)
  3 endoplasms
  4 goblins
  A hobgoblin (D:1)
  3 quokkas
  2 frilled lizards
  3 kobolds
  A rat (D:1)
26 creatures vanquished.

Notes
Turn   | Place    | Note
-------+----------+-------------------------------------------
     0 | D:1      | Timinator the Demigod Transmuter began the quest for the
                  | Orb.
     0 | D:1      | Reached XP level 1. HP: 15/15 MP: 5/5
   117 | D:1      | Reached skill level 1 in Fighting
   214 | D:1      | Found Ared's Distillery.
   530 | D:1      | Reached XP level 2. HP: 15/23 MP: 4/7
  1003 | D:2      | Reached skill level 3 in Unarmed Combat
  1190 | D:2      | Reached XP level 3. HP: 11/28 MP: 6/8
  1484 | D:2      | Learned a level 2 spell: Wereblood
  1886 | D:2      | Reached skill level 1 in Armour
  2551 | D:2      | Noticed a gnoll sergeant
  2575 | D:2      | Slain by a gnoll

Illustrated notes

Levels and vault maps discovered:
D:1:      minmay_arrival_jagged, layout_basic, ebering_ecumenical_altar_box,
          serial_shops, nicolae_lakefront_shop
D:2:      layout_rooms, pf_guarded_unrand_woodcutter

Skill      XL: |  1  2  3 |
---------------+----------+-----
Fighting       | 1 |  1.5
Transmutations | 2 |  2.3
Dodging        | 2 |  2.3
Unarmed Combat | 3 |  3.2
Spellcasting   | 2 |  2.0
Armour         | 1 |  1.1

Action                   || total
-------------------------++-------
Melee: Unarmed           ||    81
       Kick              ||    18
       Headbutt          ||    11
       Punch             ||     1
 Cast: Beastly Appendage ||    22
       Wereblood         ||     2
 Stab: Sleeping          ||     1
Armor: Robe              ||     5
Dodge: Dodged            ||    59
